 Dungeon Crawl Stone Soup version 0.24.1-8-ga250c9d538 (webtiles) character file.

Game seed: 6837042312027066219, levelgen mode: deterministic

35 H0rd4k the Magician (level 3, 0/19 HPs)
             Began as a Deep Elf Wizard on May 7, 2020.
             Slain by a jackal (2 damage)
             ... on level 2 of the Dungeon.
             The game lasted 00:01:43 (1117 turns).

H0rd4k the Magician (Deep Elf Wizard)               Turns: 1117, Time: 00:01:46

Health: 0/19       AC:  2    Str:  4    XL:     3   Next: 17%
Magic:  0/11       EV: 13    Int: 23    God:
Gold:   74         SH:  0    Dex: 13    Spells: 3/12 levels left

rFire    . . .     SeeInvis .   (no weapon)
rCold    . . .     Gourm    .   (no shield)
rNeg     . . .     Faith    .   a - +0 robe
rPois    .         Spirit   .   b - +0 hat
rElec    .         Reflect  .   (no cloak)
rCorr    .         Harm     .   (no gloves)
MR       .....                  (no boots)
Stlth    ++........             (no amulet)
HPRegen  0.06/turn              (no ring)
MPRegen  0.12/turn              (no ring)

@: very slightly contaminated
A: no striking features
a: no special abilities


You were on level 2 of the Dungeon.
You were not hungry.

You visited 1 branch of the dungeon, and saw 2 of its levels.

You collected 74 gold pieces.

Inventory:

Armour
 a - a +0 robe (worn)
 b - a +0 hat (worn)
Scrolls
 c - 2 scrolls of teleportation {unknown}
 e - a scroll of blinking {unknown}
 h - a scroll of identify {unknown}
 j - a scroll of magic mapping {unknown}
 k - a scroll of remove curse {unknown}
Potions
 f - a potion of brilliance {unknown}
 g - a potion of ambrosia {unknown}
 i - a potion of magic {unknown}
 l - a potion of curing {unknown}
 m - a potion of flight {unknown}
Comestibles
 d - 5 rations


   Skills:
 + Level 2.7 Dodging
 + Level 2.8 Stealth
 + Level 5.4 Spellcasting
 + Level 1.6 Conjurations
   Level 1.1 Summonings
 + Level 1.1 Translocations


You had 3 spell levels left.
You knew the following spells:

 Your Spells              Type           Power        Failure   Level  Hunger
a - Magic Dart            Conj           ##..         4%          1    None
b - Blink                 Tloc           N/A          9%          2    None
c - Conjure Flame         Conj/Fire      ##......     19%         3    ##.....
d - Mephitic Cloud        Conj/Pois/Air  #.......     22%         3    ##.....

Your spell library contained the following spells:

 Spells                   Type           Power        Failure   Level  Hunger
 Call Imp                 Summ           ##......     9%          2    None
 Slow                     Hex            #.......     14%         2    None


Dungeon Overview and Level Annotations

Branches:
Dungeon (2/15)

Altars:
Xom


Message History

You hit the jackal but do no damage. The jackal bites you. The ooze hits you.
You closely miss the jackal. The jackal closely misses you.
The ooze closely misses you. The jackal barely misses you.
Casting: Magic Dart (safe; 4% risk of failure)
Confirm with . or Enter, or press ? or * to list all spells.
You don't have enough magic to cast that spell.
You completely miss the jackal. The ooze hits you but does no damage.
The jackal barely misses you.
You barely miss the jackal. The jackal bites you. The ooze hits you.
The jackal closely misses you.
You barely miss the jackal. The ooze hits you.
* * * LOW HITPOINT WARNING * * *
The jackal barely misses you.
Casting: Magic Dart (safe; 4% risk of failure)
Confirm with . or Enter, or press ? or * to list all spells.
You miscast Blink.
You are very lightly contaminated with residual magic.
The air around you crackles with energy!
The jackal bites you.
You die...

##### ##...##
#.....#######
#............
#.....##.###
####.......# .
...........#########....
#####.#.......KJ@hhhg...
#.####.#########.### #.#
#.## #.# #..# ## #.#
##.# #.. #.# #.# #.# #.#
#.# #.# #.# #.### #.#
#.#.##


You could see an ooze, 3 jackals, a hobgoblin and a kobold.

Vanquished Creatures
  2 dart slugs (D:1)
  A leopard gecko (D:1)
  A ball python (D:2)
  2 giant cockroaches
  4 goblins
  2 hobgoblins (D:1)
  4 bats (D:1)
  5 frilled lizards
  3 kobolds (D:1)
  7 rats
31 creatures vanquished.

Notes
Turn   | Place    | Note
-------+----------+-------------------------------------------
     0 | D:1      | H0rd4k the Deep Elf Wizard began the quest for the Orb.
     0 | D:1      | Reached XP level 1. HP: 10/10 MP: 7/7
   181 | D:1      | Reached XP level 2. HP: 15/15 MP: 3/9
   220 | D:1      | Reached skill level 5 in Spellcasting
   651 | D:1      | Found a shimmering altar of Xom.
   695 | D:1      | Reached XP level 3. HP: 4/19 MP: 7/11
   699 | D:1      | Learned a level 2 spell: Blink
   703 | D:1      | Learned a level 3 spell: Conjure Flame
   707 | D:1      | Learned a level 3 spell: Mephitic Cloud
  1117 | D:2      | Slain by a jackal

Levels and vault maps discovered:
D:1:      saegor_arrival_simple_c, layout_rooms, serial_forest,
          infiniplex_forest_clump_small, infiniplex_forest_clump_medium,
          infiniplex_forest_lined_room_2, infiniplex_forest_clump_large,
          infiniplex_forest_clump_long, infiniplex_forest_corner_1,
          infiniplex_forest_split, infiniplex_forest_clump_large,
          xom_teletrap_fun
D:2:      layout_loops_ring, grunt_ministairs_15

Skill      XL: |  1  2 |
---------------+-------+-----
Spellcasting   | 5 |  5.4
Dodging        | |  2.7
Stealth        | |  2.8
Conjurations   | |  1.6
Summonings     | |  1.1
Translocations | |  1.1

Action                   || total
-------------------------++-------
Melee: Unarmed           ||    11
 Cast: Magic Dart        ||    79
Armor: Robe              ||    14
Dodge: Dodged            ||    23
